 Dungeon Crawl Stone Soup version bcrawl-1.13.5 (webtiles) character file.

Game seed: 16092175265972237560

905 Araneus the Poker (level 7, -5/60 HPs)
             Began as a Djinni Fighter on Aug 23, 2019.
             Killed by divine providence
             ... invoked by an orc priest
              (14 damage)
             ... on level 5 of the Dungeon.
             The game lasted 00:18:40 (3594 turns).

Araneus the Poker (Djinni Fighter)                  Turns: 3594, Time: 00:18:40

Health: -5/60      AC: 13    Str: 18    XL:     7   Next: 80%
Magic:  7/7        EV:  7    Int: 13    God:
Gold:   342        SH:  9    Dex: 10    Spells: 6/6 levels left

rFire    . . .     SeeInvis .   a - +0 trident
rCold    . . .     Gourm    .   c - +0 shield
rNeg     . . .     Faith    .   b - +0 scale mail
rPois    .         Spirit   .   (no helmet)
rElec    .         Reflect  .   q - +1 cloak
rCorr    .         Harm     .   x - +2 pair of gloves
MR       .....     Rnd*Rage +   (boots unavailable)
Stlth    ..........             (no amulet)
HPRegen  0.20/turn              t - +2 ring of protection
MPRegen  0.10/turn              (no ring)

@: flying
A: never pass out, berserk 2, blink, blurry vision 2, wild magic 2, MP-powered
wands, floating
a: Blink


You were on level 5 of the Dungeon.
You were hungry.

You visited 1 branch of the dungeon, and saw 6 of its levels.

You collected 342 gold pieces.

Inventory:

Hand Weapons
 a - a +0 trident (weapon)
Missiles
 j - 120 javelins of penetration (quivered)
Armour
 b - a +0 scale mail (worn)
 c - a +0 shield (worn)
 g - a +0 pair of gloves
 q - a +1 cloak (worn)
 x - a +2 pair of gloves (worn)
Jewellery
 t - a +2 ring of protection (left hand)
Wands
 u - a wand of polymorph (5)
 y - a wand of iceblast (7)
Scrolls
 e - 4 scrolls of amnesia {unknown}
 h - 7 scrolls of identify {unknown}
 k - a scroll of enchant weapon {unknown}
 l - a scroll of fear {unknown}
 m - 2 scrolls of teleportation {unknown}
 n - 2 scrolls of remove curse {unknown}
 r - a scroll of fog {unknown}
 s - a scroll of immolation {unknown}
 v - a scroll of blinking {unknown}
 w - 2 scrolls of magic mapping {unknown}
Potions
 d - a potion of might
Comestibles
 f - 11 rations {!d}
 i - 7 chunks of flesh


   Skills:
 + Level 4.8 Fighting
 * Level 7.7 Polearms
 - Level 2.6 Armour
 + Level 4.3 Shields


You had 6 spell levels left.
You didn't know any spells.
Your spell library was empty.

Dungeon Overview and Level Annotations

Branches:
Dungeon (6/12)
 Temple: D:4-7

Altars:
Qazlal
Xom
Yredelemnul

Shops:
D:6 !

Annotations:
D:4 2 runed translucent doors, Tutankhamun's ghost, novice DjCj


Innate Abilities, Weirdness & Mutations

You never pass out after going berserk.
You often lose your temper in combat.
You can translocate small distances at will.
Scrolls take you longer to read.
Your spells are harder to cast, but more powerful.
You expend magic power (3 MP) to strengthen your wands.
Your body floats in the air.


Message History

The orc priest is heavily wounded.
The orc priest hits you but does no damage.
Your shield and scale mail prevent you from hitting the orc priest.
The orc priest is heavily wounded.
The orc priest mumbles some strange prayers to Beogh against you.
Beogh smites you!
You closely miss the orc priest.
The orc priest is heavily wounded.
You hit the orc priest.
The orc priest is almost dead.
The orc priest calls down the wrath of Beogh upon you.
Beogh smites you!
* * * LOW HITPOINT WARNING * * *
You closely miss the orc priest.
The orc priest is almost dead.
You hit the orc priest but do no damage.
The orc priest is almost dead.
The orc priest invokes the aid of Beogh against you.
Beogh smites you!
You die...

#....o.o.. ## ...
#..##..... .###... +..#
.....#....... #..#
........... . #..##
#......... ..###+###...###
#%...#).. #.............##
#........
#..............###).......
.............#..@o....#...
.##........o.########.# .)
.......<.....##### ... .
.###.............. ....
.#.............%. ....
#................. ...
###..........##...
#.....!....# .
#######....#


You could see an orc priest.

Vanquished Creatures
  A troll (D:5)
  A hungry ghost (D:4)
  A necrophage (D:4)
  A howler monkey (D:2)
  2 crimson imps
  A hound (D:6)
  A bullfrog skeleton (D:4)
  Ijyb (D:3)
  4 worker ants
  A hound zombie (D:6)
  A hound skeleton (D:3)
  6 adders
  4 worms
  A dart slug (D:1)
  4 leopard geckos
  3 orcs
  7 giant cockroaches
  6 goblins (D:1)
  7 hobgoblins
  12 jackals
  11 kobolds
  4 quokkas
  5 bats
  6 frilled lizards
  A quokka skeleton (D:4)
  A quokka zombie (D:5)
  11 rats
104 creatures vanquished.

Notes
Turn   | Place    | Note
-------+----------+-------------------------------------------
     0 | D:1      | Araneus the Djinni Fighter began the quest for the Orb.
     0 | D:1      | Reached XP level 1. HP: 19/19 MP: 1/1
    45 | D:1      | Reached XP level 2. HP: 26/26 MP: 2/2
   337 | D:1      | Reached XP level 3. HP: 24/33 MP: 3/3
   600 | D:1      | Gained mutation: You are clumsy. (Dex -2) [potion of
                  | mutation]
   600 | D:1      | Lost mutation: You are clumsy. (Dex -2) [potion of
                  | mutation]
   968 | D:1      | Reached skill level 3 in Polearms
  1210 | D:2      | Gained mutation: Your spells are harder to cast, but more
                  | powerful. [Djinni growth]
  1210 | D:2      | Gained mutation: You can translocate small distances at
                  | will. [Djinni growth]
  1210 | D:2      | Reached XP level 4. HP: 34/40 MP: 4/4
  1735 | D:2      | Found a stormy altar of Qazlal.
  1895 | D:2      | Found a basalt altar of Yredelemnul.
  2046 | D:3      | Reached skill level 4 in Polearms
  2203 | D:3      | Reached XP level 5. HP: 46/46 MP: 5/5
  2204 | D:3      | Noticed Ijyb
  2220 | D:3      | Killed Ijyb
  2445 | D:4      | Found a runed translucent door.
  2461 | D:4      | Noticed Tutankhamun's ghost (novice DjCj)
  2533 | D:4      | Noticed a hungry ghost
  2554 | D:4      | Killed a hungry ghost
  2554 | D:4      | Reached skill level 5 in Polearms
  2554 | D:4      | Reached XP level 6. HP: 51/52 MP: 6/6
  2810 | D:4      | Found a runed translucent door.
  3186 | D:4      | Reached skill level 6 in Polearms
  3291 | D:5      | Entered Level 5 of the Dungeon
  3297 | D:4      | Reached XP level 7. HP: 60/60 MP: 7/7
  3308 | D:5      | Found a shimmering altar of Xom.
  3308 | D:5      | Noticed a troll
  3326 | D:5      | HP: 1/60 [troll (1)]
  3327 | D:5      | Killed a troll
  3327 | D:5      | Reached skill level 7 in Polearms
  3334 | D:6      | Found Laveit's Distillery.
  3335 | D:6      | HP: 1/60 [quokka (2)]
  3594 | D:5      | Killed from afar by an orc priest

Skill      XL: |  1  2  3  4  5  6  7 |
---------------+----------------------+-----
Shields        | 3 4 |  4.3
Polearms       | 3 4 5 6 7 |  7.7
Fighting       | 4 |  4.8
Armour         | |  2.6

Action                   |  1- 3 |  4- 6 |  7- 9 || total
-------------------------+-------+-------+-------++-------
Melee: Trident           |   161 |   212 |    57 ||   430
       Unarmed           |       |     4 |       ||     4
 Abil: Blink             |       |       |     3 ||     3
Evoke: Wand              |       |       |     1 ||     1
  Use: Potion            |     1 |     1 |     4 ||     6
  Eat: Chunk             |     1 |    10 |     2 ||    13
Armor: Scale mail        |    52 |    67 |    21 ||   140
Dodge: Dodged            |    43 |    39 |    21 ||   103
Block: Shield            |    79 |    66 |    26 ||   171
